 Dungeon Crawl Stone Soup version 0.25-a0-1079-g858b6a6ff6 (webtiles) character file.

Game seed: 179570899507177562, levelgen mode: classic

7 Amnesiac the Shield-Bearer (level 1, 0/13 HPs)
             Began as a Deep Elf Fighter on May 15, 2020.
             Slain by a leopard gecko (4 damage)
             ... on level 1 of the Dungeon.
             The game lasted 00:00:26 (69 turns).

Amnesiac the Shield-Bearer (Deep Elf Fighter)         Turns: 69, Time: 00:00:27

Health: 0/13       AC:  6    Str: 13    XL:     1   Next: 83%
Magic:  3/3        EV:  6    Int: 12    God:
Gold:   0          SH:  8    Dex: 14    Spells: 0/0 levels left

rFire    . . .     SeeInvis .   a - +0 war axe
rCold    . . .     Gourm    .   c - +0 kite shield
rNeg     . . .     Faith    .   b - +0 scale mail
rPois    .         Spirit   .   (no helmet)
rElec    .         Reflect  .   (no cloak)
rCorr    .         Harm     .   (no gloves)
MR       .....                  (no boots)
Stlth    ..........             (no amulet)
HPRegen  0.04/turn              (no ring)
MPRegen  0.08/turn              (no ring)

@: no status effects
A: no striking features
a: no special abilities


You were on level 1 of the Dungeon.
You were not hungry.

You visited 1 branch of the dungeon, and saw 1 of its levels.

Inventory:

Hand Weapons
 a - a +0 war axe (weapon)
Armour
 b - a +0 scale mail (worn)
 c - a +0 kite shield (worn)
Potions
 d - a potion of might {!q}
Comestibles
 f - a ration


   Skills:
 + Level 2.4 Fighting
 - Level 2.0 Axes
 + Level 2.4 Armour
 + Level 0.2 Dodging
 - Level 2.5 Shields


You couldn't memorise any spells.
You didn't know any spells.
Your spell library was empty.

Dungeon Overview and Level Annotations

Branches:
Dungeon (1/15)

Altars:


Message History

A goblin comes into view. It is wielding a +0 club.
The goblin shouts!
You hear a shout!
A dart slug comes into view.
Things that are here:
3 stones; a kobold corpse
There are monsters nearby!
There are monsters nearby!
There are monsters nearby!
A leopard gecko and a hobgoblin come into view.
The hobgoblin shouts!
The leopard gecko hisses angrily.
You hear a shout!
A goblin comes into view.
Found 11 gold pieces and a spear.
Things that are here:
3 stones; a kobold corpse
Things that are here:
a stone; a +0 short sword The leopard gecko hisses menacingly.
You closely miss the hobgoblin. You block the hobgoblin's attack.
You hit the hobgoblin.
The hobgoblin is moderately wounded.
The hobgoblin hits you.
* * * LOW HITPOINT WARNING * * *
The hobgoblin hits you but does no damage.
You closely miss the hobgoblin.
The hobgoblin is moderately wounded.
The hobgoblin hits you but does no damage.
You hit the hobgoblin.
The hobgoblin is almost dead.
The hobgoblin hits you but does no damage. x2
You hit the dart slug.
The dart slug is severely wounded.
You hit the hobgoblin but do no damage.
The hobgoblin hits you but does no damage.
The dart slug barely misses you. The hobgoblin closely misses you.
You hit the dart slug but do no damage.
The dart slug is severely wounded.
You closely miss the hobgoblin. The dart slug barely misses you.
The hobgoblin hits you but does no damage.
You hit the dart slug.
The dart slug is severely wounded.
You hit the hobgoblin.
You kill the hobgoblin!
The dart slug bites you but does no damage.
The leopard gecko barely misses you.
You hit the dart slug but do no damage.
The dart slug is severely wounded.
You hit the leopard gecko. The leopard gecko closely misses you.
The dart slug bites you but does no damage.
You block the leopard gecko's attack.
You hit the dart slug.
You kill the dart slug!
Training target 2.0 for Axes reached!
Your Axes skill increases to level 2!
You need to enable at least one skill for training.
You closely miss the leopard gecko. The leopard gecko bites you.
* * * LOW HITPOINT WARNING * * *
Unknown command.
You miss the leopard gecko.
The leopard gecko is moderately wounded.
You block the leopard gecko's attack. x2
You closely miss the leopard gecko.
The leopard gecko is moderately wounded.
You block the leopard gecko's attack. The leopard gecko bites you.
You die...

.# # ... .#. ### .. ...
#.# ..... .####.##.#
.....
.........####.#####.....
######@......##........
#...gl###..####.##.....
#.##g## #.........w.w.
#.## #.....##..... #.#
#....(l.g.# #.##
##.########.$. ... ##.##
##.## . ....###.###.##
#....#...l...#


You could see a leopard gecko and 2 goblins.

Vanquished Creatures
  A dart slug (D:1)
  2 hobgoblins (D:1)
  2 kobolds (D:1)
5 creatures vanquished.

Notes
Turn   | Place    | Note
-------+----------+-------------------------------------------
     0 | D:1      | Amnesiac the Deep Elf Fighter began the quest for the Orb.
     0 | D:1      | Reached XP level 1. HP: 13/13 MP: 3/3
    69 | D:1      | Slain by a leopard gecko

Illustrated notes

Levels and vault maps discovered:
D:1:      ebering_trefoil_3fold, layout_loops_ring

Skill      XL: |  1 |
---------------+----+-----
Axes           | 2 |  2.0
Fighting       | |  2.4
Armour         | |  2.4
Dodging        | |  0.2
Shields        | |  2.5

Action                   || total
-------------------------++-------
Melee: War axe           ||    21
Armor: Scale mail        ||     9
Dodge: Dodged            ||     7
Block: Kite shield       ||    10

Table legend:
 A = Non-vault XP
 B = Vault XP
 C = Vault XP percentage of total XP
 D = Non-vault monster count
 E = Vault monster count
 F = Vault count percentage of total count
                 A         B        C        D         E       F
            +---------+---------+-------+---------+---------+-------
      Total |      10 |       0 |   0.0 |       5 |       0 |   0.0
            +---------+---------+-------+---------+---------+-------
        D:1 |      10 |       0 |   0.0 |       5 |       0 |   0.0
            +---------+---------+-------+---------+---------+-------
